 Dungeon Crawl Stone Soup version 0.23-a0-275-g0cf4261 (webtiles) character file.

5290 Felrender the Carver (level 10, 0/90 HPs)
             Began as a Minotaur Fighter on Oct 2, 2018.
             Was a High Priest of Cheibriados.
             Slain by Grum
             ... wielding a +0 glaive of flaming
              (17 damage)
             ... on level 10 of the Dungeon.
             The game lasted 00:20:30 (9047 turns).

Felrender the Carver (Minotaur Fighter)             Turns: 9047, Time: 00:20:31

Health: 0/90       AC: 16    Str: 37    XL:     10   Next: 37%
Magic:  9/9        EV:  9    Int: 18    God:    Cheibriados [*****.]
Gold:   561        SH:  0    Dex: 23    Spells: 9/9 levels left

rFire    . . .     SeeInvis .   D - +3 great sword
rCold    + . .     Gourm    .   (shield currently unavailable)
rNeg     . . .     Faith    .   H - +2 plate armour {rC+}
rPois    +         Spirit   .   (helmet restricted)
rElec    .         Reflect  .   (no cloak)
rCorr    .         Harm     .   (no gloves)
MR       .....                  (no boots)
Stlth    ..........             (no amulet)
HPRegen  0.25/turn              m - ring of poison resistance
MPRegen  0.11/turn              (no ring)

@: very slow
A: retaliatory headbutt, horns 2
a: Bend Time, Temporal Distortion, Slouch, Step From Time, Renounce Religion


You were on level 10 of the Dungeon.
You worshipped Cheibriados.
Cheibriados was extremely pleased with you.
You were not hungry.

You visited 1 branch of the dungeon, and saw 10 of its levels.
You also visited: Sewer.

You collected 699 gold pieces.
You spent 138 gold pieces at shops.

Inventory:

Hand Weapons
 v - a +1 spear of flaming
 D - a +3 great sword (weapon)
Missiles
 r - 9 tomahawks (quivered)
 t - 3 poisoned tomahawks
 u - 64 sling bullets
 y - 6 tomahawks of returning
Armour
 c - a +0 shield
 h - a +0 plate armour
 H - a +2 plate armour of cold resistance (worn)
Magical Staves
 B - an uncursed staff of wizardry
Jewellery
 a - an uncursed ring of protection from cold {unknown}
 m - a ring of poison resistance (left hand)
 w - an uncursed ring of fire
Wands
 l - a wand of paralysis (17)
 n - a wand of scattershot (14)
 A - a wand of flame (19)
 C - a wand of digging (13)
Scrolls
 e - 2 scrolls of magic mapping
 i - a scroll of fear
 p - 6 scrolls of teleportation
 q - 4 scrolls of blinking
 s - 6 scrolls of remove curse
 x - a scroll of summoning
Potions
 b - 4 potions of flight
 d - a potion of might
 g - 3 potions of brilliance
 j - 7 potions of curing
 k - 3 potions of agility
 o - a potion of lignification
 z - a potion of cancellation
 E - a potion of resistance
 G - a potion of berserk rage
Comestibles
 f - 19 rations


   Skills:
 + Level 8.7 Fighting
 + Level 11.6 Long Blades
 + Level 9.2 Armour
 + Level 1.2 Dodging
 + Level 0.6 Stealth
 + Level 9.2 Shields


You had 9 spell levels left.
You didn't know any spells.
Your spell library contained the following spells:

 Spells                   Type           Power        Failure   Level  Hunger
 Corona                   Hex            #......      75%         1    ##.....
 Ensorcelled Hibernation  Hex/Ice        #.....       86%         2    ###....
 Confuse                  Hex            #.......     98%         3    ####...
 Dazzling Spray           Conj/Hex       #.....       98%         3    ####...
 Tukima's Dance           Hex            #.......     98%         3    ####...


Dungeon Overview and Level Annotations

Branches:
Dungeon (10/15)            Temple (0/1) D:4             Orc (0/2) D:9
   Lair: D:8-11

Altars:
Ashenzari
Cheibriados
Dithmenos
Hepliaklqana
Trog
Uskayaw
Xom
Yredelemnul
Zin
The Shining One

Shops:
D:6 =?*%   D:8 :

Annotations:
D:10 Grum


Innate Abilities, Weirdness & Mutations

You reflexively headbutt those who attack you in melee.
You have a pair of horns on your head.


Message History

You barely miss the bullfrog. You headbutt the bullfrog.
You kill the bullfrog!
Cheibriados appreciates the change of pace.
The centaur skeleton hits you but does no damage.
Grum hits you from afar with a glaive of flaming!
* * * LOW HITPOINT WARNING * * *
Grum burns you.
* * * LOW HITPOINT WARNING * * *
A wolf comes into view.
The centaur skeleton closely misses you.
You riposte.
The wolf howls!
You slice the centaur skeleton!!
You destroy the centaur skeleton!
Cheibriados thoroughly appreciates the change of pace.
A wolf comes into view.
The wolf bites you.
* * * LOW HITPOINT WARNING * * *
Grum hits you with a glaive of flaming!
You die...

.......
.....
..... ...
(.. #.#
#†# #.#
#@###.#..
#hgh.....
#..##.##.
...#
.....
.##..##
#. ...# #
.#.. . ..


You could see Grum and 2 wolves.

Vanquished Creatures
  Joseph (D:8)
  A spriggan (D:7)
  2 humans (D:8)
  Menkaure (D:7)
  A water moccasin (D:7)
  5 ogres
  2 orc warriors
  A sky beast (D:7)
  A phantom (D:6)
  A hornet zombie (D:5)
  A wolf (D:10)
  8 centaurs
  A crocodile (D:9)
  A big kobold (D:8)
  6 bullfrogs
  A scorpion (D:8)
  19 wights
  A howler monkey (D:9)
  A bullfrog zombie (D:7)
  A crimson imp (D:6)
  A quasit (D:9)
  5 hounds
  3 jellies
  3 orc wizards
  4 orc priests
  3 centaur skeletons
  2 bullfrog skeletons
  2 iguanas
  2 worker ants (D:6)
  A killer bee zombie (D:9)
  2 hound skeletons
  7 gnolls
  13 adders
  2 river rats (D:6)
  A shadow imp (D:6)
  An ooze (D:3)
  An adder zombie (D:8)
  A worm (D:6)
  3 dart slugs
  10 leopard geckos
  35 orcs
  6 giant cockroaches
  10 goblins
  5 hobgoblins
  6 jackals
  12 kobolds
  3 quokkas
  3 ball pythons
  5 bats
  16 frilled lizards
  A jackal skeleton (D:4)
  A leopard gecko skeleton (D:8)
  A leopard gecko zombie (D:8)
  A quokka skeleton (D:9)
  26 rats
254 creatures vanquished.

Vanquished Creatures (collateral kills)
  2 bullfrogs (D:7)
  An orc (D:7)
3 creatures vanquished.

Grand Total: 257 creatures vanquished

Notes
Turn   | Place    | Note
-------+----------+-------------------------------------------
     0 | D:1      | Felrender the Minotaur Fighter began the quest for the Orb.
     0 | D:1      | Reached XP level 1. HP: 19/19 MP: 0/0
   292 | D:1      | Reached XP level 2. HP: 27/27 MP: 1/1
   656 | D:1      | Reached skill level 3 in Long Blades
   969 | D:2      | Found a shimmering altar of Xom.
  1017 | D:2      | Reached XP level 3. HP: 20/33 MP: 2/2
  1314 | D:2      | Upgraded the game from 0.23-a0-270-gab6feb3 to
                  | 0.23-a0-275-g0cf4261
  1520 | D:2      | Reached XP level 4. HP: 40/40 MP: 3/3
  1600 | D:2      | Found a snail-covered altar of Cheibriados.
  1951 | D:2      | Became a worshipper of Cheibriados the Contemplative
  2157 | D:3      | Reached skill level 5 in Shields
  2209 | D:3      | Found a glowing golden altar of the Shining One.
  2212 | D:3      | Found a basalt altar of Yredelemnul.
  2215 | D:3      | Found a shattered altar of Ashenzari.
  2286 | D:3      | Reached * piety under Cheibriados
  2286 | D:3      | Reached XP level 5. HP: 43/47 MP: 4/4
  2602 | D:4      | Reached skill level 4 in Long Blades
  3091 | D:4      | Reached skill level 5 in Fighting
  3135 | D:4      | Reached XP level 6. HP: 52/56 MP: 5/5
  3301 | D:4      | Reached ** piety under Cheibriados
  3405 | D:4      | Found a staircase to the Ecumenical Temple.
  3724 | D:5      | Entered Level 5 of the Dungeon
  3727 | D:5      | Reached skill level 5 in Armour
  3757 | D:5      | Reached skill level 5 in Long Blades
  3757 | D:5      | Reached XP level 7. HP: 54/61 MP: 6/6
  3835 | D:5      | Found a bloodstained altar of Trog.
  3934 | D:5      | Found a hide-covered altar of Uskayaw.
  4160 | D:6      | Found Lukim's Jewellery Emporium.
  4188 | D:6      | Found a shadowy altar of Dithmenos.
  4212 | D:6      | Found Cacom's General Store.
  4333 | D:6      | Found a glowing drain.
  4341 | Sewer    | Entered a sewer
  4432 | Sewer    | Reached *** piety under Cheibriados
  4434 | Sewer    | Reached skill level 6 in Long Blades
  4989 | D:6      | Found Onigew's Food Boutique.
  5038 | D:6      | Found a hazy altar of Hepliaklqana.
  5123 | D:6      | Found a glowing silver altar of Zin.
  5155 | D:6      | Found Mymiv's Magic Scroll Boutique.
  5158 | D:6      | Bought a scroll of identify for 24 gold pieces
  5158 | D:6      | Bought a scroll of enchant weapon for 90 gold pieces
  5158 | D:6      | Bought a scroll of identify for 24 gold pieces
  5196 | D:6      | Reached XP level 8. HP: 66/69 MP: 7/7
  5349 | D:6      | Reached skill level 7 in Long Blades
  5778 | D:7      | Reached skill level 8 in Long Blades
  5778 | D:7      | Reached skill level 1 in Dodging
  6029 | D:7      | Reached XP level 9. HP: 29/77 MP: 8/8
  6319 | D:7      | Reached skill level 9 in Long Blades
  6354 | D:7      | Reached **** piety under Cheibriados
  6813 | D:7      | Noticed Menkaure
  6818 | D:7      | Killed Menkaure
  7093 | D:8      | Reached skill level 10 in Long Blades
  7309 | D:8      | Noticed Joseph
  7313 | D:8      | Reached ***** piety under Cheibriados
  7321 | D:8      | Killed Joseph
  7698 | D:8      | Reached XP level 10. HP: 74/88 MP: 9/9
  7769 | D:8      | Found Nasut's Book Emporium.
  7996 | D:9      | Reached skill level 11 in Long Blades
  8234 | D:9      | Found a staircase to the Orcish Mines.
  9039 | D:10     | Entered Level 10 of the Dungeon
  9039 | D:10     | Noticed Grum
  9047 | D:10     | Slain by Grum

Vault maps used:
D:1:      kennysheep_arrival_forest, hangedman_glass_teeth, minmay_liquid_box
D:2:      xom_teletrap_fun, lemuel_coloured_pillars_altar, minmay_rat_hole
D:3:      grunt_temple_overflow_diamond, first_ration, serial_bayou_pond_d
D:4:      minmay_temple_entry_enclosed_plants
D:5:      basic_altar, trog_book
D:6:      nicolae_dithmenos_the_darkroom, marbit_many_paths, zin_academy,
          serial_shops, nicolae_shop_waterfront, nicolae_shop_behind_doors,
          kennysheep_mini_moat, shop, portal_sewer_entry_e
D:7:      the_bakery, uniq_menkaure
D:8:      serial_shops, shop, minmay_ruffians, uniq_joseph
D:9:      hiddenorc1_lemuel
D:10:     serial_shops, nicolae_shop_behind_doors, nicolae_shop_window_shopping,
          nicolae_shop_waterfront, shop, nicolae_shop_statue_plus, uniq_maurice,
          uniq_grum
Sewer:    sewer_frog_island_01

Skill      XL: |  1  2  3  4  5  6  7  8  9 10 |
---------------+-------------------------------+-----
Shields        | 4 5 6 7 8 9 |  9.2
Long Blades    | 3 4 5 6 8 10 11 | 11.6
Fighting       | 4 5 6 8 |  8.7
Armour         | 4 5 6 7 8 9 |  9.2
Dodging        | 1 |  1.2
Stealth        | |  0.6

Action                   |  1- 3 |  4- 6 |  7- 9 | 10-12 || total
-------------------------+-------+-------+-------+-------++-------
Melee: Long sword        |   131 |   148 |   193 |       ||   472
       Headbutt          |    11 |    32 |    77 |    18 ||   138
       Great sword       |       |       |    52 |    55 ||   107
  Use: Scroll            |     5 |     9 |    11 |     3 ||    28
  Eat: Chunk             |     2 |     2 |     3 |     2 ||     9
       Ration            |       |     1 |     1 |     1 ||     3
Armor: Scale mail        |    73 |    11 |       |       ||    84
       Plate armour      |       |    71 |   133 |    50 ||   254
Dodge: Dodged            |    47 |    34 |    74 |    60 ||   215
Block: Shield            |    94 |   112 |   157 |       ||   363
       Rpst.: Long sword |     8 |     5 |    14 |       ||    27
       Great sword       |       |       |     6 |    11 ||    17

Table legend:
 A = Non-vault XP
 B = Vault XP
 C = Vault XP percentage of total XP
 D = Non-vault monster count
 E = Vault monster count
 F = Vault count percentage of total count
                 A         B        C        D         E       F
            +---------+---------+-------+---------+---------+-------
      Total |    5767 |    1791 |  23.7 |     193 |      64 |  24.9
            +---------+---------+-------+---------+---------+-------
        D:1 |      35 |       0 |   0.0 |      22 |       0 |   0.0
        D:2 |      61 |      20 |  24.7 |      20 |      19 |  48.7
        D:3 |      82 |       0 |   0.0 |      17 |       0 |   0.0
        D:4 |     383 |       0 |   0.0 |      29 |       0 |   0.0
        D:5 |     177 |       0 |   0.0 |       6 |       0 |   0.0
        D:6 |     958 |      38 |   3.8 |      21 |       8 |  27.6
        D:7 |    1527 |     398 |  20.7 |      28 |       2 |   6.7
        D:8 |    1124 |     847 |  43.0 |      25 |       3 |  10.7
        D:9 |    1249 |     221 |  15.0 |      22 |      16 |  42.1
       D:10 |     171 |     121 |  41.4 |       3 |       1 |  25.0
      Sewer |       0 |     146 | 100.0 |       0 |      15 | 100.0
            +---------+---------+-------+---------+---------+-------
